 Dungeon Crawl Stone Soup version 0.29.1-15-g9cfb28693d (webtiles) character file.

Game seed: 1204440275995870980

2 nightchill the Chopper (level 1, 12/12 HPs)
             Began as a Gargoyle Gladiator on Apr 18, 2023.
             Quit the game on level 1 of the Dungeon.
             The game lasted 00:00:53 (275 turns).

nightchill the Chopper (Gargoyle Gladiator)          Turns: 275, Time: 00:00:53

Health: 12/12      AC:  6    Str: 17    XL:     1   Next: 40%
Magic:  1/1        EV: 12    Int:  8    God:
Gold:   0          SH:  0    Dex: 11    Spells: 0/0 levels left

rFire   . . .      SeeInvis .   a - +0 war axe
rCold   . . .      Faith    .   (no shield)
rNeg    + . .      Spirit   .   b - +0 leather armour
rPois   ∞          Reflect  .   c - +0 helmet
rElec   +          Harm     .   (no cloak)
rCorr   .          Rampage  .   (no gloves)
Will    .....                   (no boots)
Stlth   +.........              (no amulet)
HPRegen 0.04/turn               (no ring)
MPRegen 0.07/turn               (no ring)

@: no status effects
A: sickness immunity, AC +2, negative energy resistance 1, electricity
resistance, torment resistance 1, petrification resistance
a: no special abilities


You were on level 1 of the Dungeon.
You visited 1 branch of the dungeon, and saw 1 of its levels.

Inventory:

Hand Weapons
 a - a +0 war axe (weapon)
Missiles
 d - 3 throwing nets (quivered)
 e - a javelin
Armour
 b - a +0 leather armour (worn)
 c - a +0 helmet (worn)


   Skills:
 + Level 2.3 Fighting
 * Level 2.8 Axes
 - Level 1.7 Throwing
 - Level 2.4 Dodging


You couldn't memorise any spells.
You didn't know any spells.
Your spell library was empty.

Dungeon Overview and Level Annotations

Branches:
Dungeon (1/15)

Altars:

Shops:
D:1 *


Innate Abilities, Weirdness & Mutations

You are immune to sickness and miasma.
Your stone body is resilient. (AC +2)
You are immune to poison.
You resist negative energy. (rN+)
You are resistant to electric shocks. (rElec)
You are resistant to unholy torment.
You are immune to petrification.


Message History

You hit the hobgoblin.
The hobgoblin is severely wounded.
The hobgoblin hits you.
You slash the hobgoblin!
You kill the hobgoblin!
No target in view!
HP restored.
You see here a hobgoblin corpse.
You see here a +0 leather armour.
Found a mace.
Found a stone staircase leading down.
Found Woaxzont's Assorted Antiques.
A bat and a rat come into view.
The rat bites you.
You barely miss the rat. The rat bites you.
You hit the rat.
You kill the rat!
The bat closely misses you. The bat barely misses you. The bat misses you.
The bat completely misses you.
You barely miss the bat. The bat hits you. The bat barely misses you.
You closely miss the bat.
The bat hits you. x2; The bat misses you.
The bat hits you but does no damage.
You are too injured to fight recklessly!
You are too injured to fight recklessly!
You are too injured to fight recklessly!
You are too injured to fight recklessly!
You miss the bat. The bat barely misses you. The bat misses you. x2
You closely miss the bat. The bat closely misses you.
The bat barely misses you. The bat hits you but does no damage.
You hit the bat.
You kill the bat!
A dart slug comes into view.
Things that are here:
a bat corpse; a rat corpse A dart slug is nearby!
Things that are here:
a bat corpse; a rat corpse You start resting.
HP restored.
There is an entrance to Woaxzont's Assorted Antiques here.
Are you sure you want to abandon this character and quit the game? (Confirm with "yes".)

#.###.## #.....#
###..## #..# #..#
#..# ###########..#
.w......†....##.#.#
.##########@.......
#####.#.# .. .. .


There were no monsters in sight!

Vanquished Creatures
  A hobgoblin (D:1)
  A bat (D:1)
  A rat (D:1)
3 creatures vanquished.

Notes
Turn   | Place    | Note
-------+----------+-------------------------------------------
     0 | D:1      | nightchill the Gargoyle Gladiator began the quest for the
                  | Orb.
     0 | D:1      | Reached XP level 1. HP: 12/12 MP: 1/1
   144 | D:1      | Found Woaxzont's Assorted Antiques.
   275 | D:1      | Quit the game

Illustrated notes

Levels and vault maps discovered:
D:1:      sevenhm_arrival_forest_fort_small_5, layout_loops_ring, serial_shops,
          shop

Action                   || total
-------------------------++-------
Melee: War axe           ||    10
Armor: Leather armour    ||     2
Dodge: Dodged            ||    12
